 Dungeon Crawl Stone Soup version 0.14.0-9-g9c5475a (webtiles) character file.

34 RogerD the Exhumer (level 3, 0/27 HPs)
             Began as a Human Death Knight on Apr 14, 2014.
             Was a Follower of Yredelemnul.
             Slain by an ooze (5 damage)
             ... on Level 2 of the Dungeon.
             The game lasted 00:13:57 (886 turns).

RogerD the Exhumer (Human Death Knight)              Turns: 886, Time: 00:13:57

HP   0/27        AC  3     Str 14      XL: 3   Next: 50%
MP   5/5         EV  7     Int 11      God: Yredelemnul [*.....]
Gold 0           SH 14     Dex 12      Spells:  0 memorised,  2 levels left

rFire  . . .     SeeInvis .     a - +1,+2 short sword
rCold  . . .     Clarity  .     b - +0 leather armour
rNeg   . . .     Conserve .     l - +0 shield
rPois  .         rCorr    .     (no helmet)
rElec  .         rRot     .     (no cloak)
SustAb . .       Spirit   .     (no gloves)
rMut   .         Warding  .     (no boots)
Saprov . . .     Stasis   .     (no amulet)
MR     .....                    (no ring)
                                k - ring of flight

@: lethally poisoned, not resistant to hostile enchantments, very unstealthy
A: no striking features
a: Animate Remains, Renounce Religion, Evoke Flight


You were on level 2 of the Dungeon.
You worshipped Yredelemnul.
Yredelemnul was aware of your devotion.
You were not hungry.

You visited 1 branch of the dungeon, and saw 2 of its levels.

Inventory:

Hand weapons
 a - a +1,+2 short sword (weapon)
Missiles
 d - 5 javelins (quivered)
 g - 3 tomahawks
 h - 12 arrows of dispersal
 q - 3 poisoned darts
Armour
 b - a +0 leather armour (worn)
 l - a +0 shield (worn)
Magical devices
 p - a wand of fireball (5) {unknown}
Comestibles
 c - a bread ration
Scrolls
 e - 3 scrolls of remove curse {unknown}
 f - a scroll of random uselessness {unknown}
 j - a scroll of enchant weapon I {unknown}
Jewellery
 k - a ring of flight (left hand)
Potions
 i - a potion of agility {unknown}
 m - 2 potions of heal wounds {unknown}
 n - a potion of lignification {unknown}
 r - a potion of restore abilities {unknown}
 s - a potion of curing
 t - a potion of poison {unknown}


   Skills:
 + Level 2.2 Fighting
 + Level 2.2 Short Blades
 + Level 0.6 Throwing
 + Level 1.3 Armour
 + Level 1.2 Dodging
 + Level 0.2 Stealth
 + Level 3.7 Invocations


You had 2 spell levels left.
You didn't know any spells.

Dungeon Overview and Level Annotations

Branches:
Dungeon (2/15)

Altars:
Elyvilon
Xom


Message History

* * * LOW HITPOINT WARNING * * *
You hit the ooze.
The ooze is moderately wounded.
You block the ooze's attack.
You hit the ooze.
The ooze is heavily wounded.
You feel sick. The ooze closely misses you.
Your shield prevents you from hitting the ooze.
The ooze is heavily wounded.
The ooze hits you.
* * * LOW HITPOINT WARNING * * *
Unknown command.
You hit the ooze.
The ooze is severely wounded.
You block the ooze's attack.
Your shield prevents you from hitting the ooze.
The ooze is severely wounded.
The ooze hits you.
You die...
Your body rises from the dead as a mindless zombie.

...# ...# ..#####.
..≈≈≈... #≈≈≈≈≈#
####≈;_≈≈###.
#.).≈≈≈≈≈....
###.#..≈≈≈..###
#..@#....##.#...
#.##J...........
#.#>............
#.#.......#.....
###.#.......#.#.#.
#...#.............
#.###..#..###.#..##
#
#.###..#....#.....
.
#......#..#.###..#
##


You could see an ooze.

Vanquished Creatures
  2 adders (D:2)
  2 giant geckos
  An ooze (D:1)
  2 bats (D:1)
  3 goblins (D:1)
  2 hobgoblins
  2 giant newts (D:2)
  2 kobolds (D:2)
  A rat (D:1)
17 creatures vanquished.

Vanquished Creatures (collateral kills)
  A hobgoblin (D:1)
1 creature vanquished.

Vanquished Creatures (others)
  A bat zombie (D:1)
  A giant gecko zombie (D:1)
  A giant newt zombie (D:2)
  A kobold zombie (D:2)
  A rat zombie (D:1)
5 creatures vanquished.

Grand Total: 23 creatures vanquished

Notes
Turn   | Place    | Note
--------------------------------------------------------------
     0 | D:1      | RogerD, the Human Death Knight, began the quest for the Orb.
     0 | D:1      | Reached XP level 1. HP: 16/16 MP: 2/2
   194 | D:1      | Reached XP level 2. HP: 19/22 MP: 4/4
   607 | D:2      | Found a shimmering altar of Xom.
   788 | D:2      | Reached XP level 3. HP: 25/27 MP: 5/5
   810 | D:2      | Found a white marble altar of Elyvilon.
   886 | D:2      | Slain by an ooze

Action                   || total
-------------------------++-------
Melee: Short sword       ||    65
Throw: Javelin           ||    12
Invok: Animate Remains   ||     7
  Use: Scroll            ||     1
       Potion            ||     1
